AoeStats
← [La14]Uvita

Arabia

508865352Analyzed
1v1 RM · 9d ago on Sep 24, 2026· 29m 38s· 2 players
Game mode
Random Map
Map size
Tiny (2 player)
Population
200
Speed
Normal
Resources
Standard
Victory
Conquest
Starting age
Dark Age
Ending age
Imperial Age
RankedLock teamsTeams togetherTeam positionsShared explorationLock speedFull tech treeHidden civsTurbo modeCheats
Victory
Defeat
🇦🇷 Magyars · Argentina
875
+17
🇦🇷 Khmer · Argentina
901
-17
[La14]Uvita
7:08 Loom
10:08 Feudal Age
10:53 Double-Bit Axe
10:50 Horse Collar
19:37 Gold Mining
21:56 Castle Age
24:31 Stone Mining
25:20 Wheelbarrow
25:25 Scale Mail Armor
25:32 Scale Barding Armor
26:48 Bloodlines
29:11 Chain Barding Armor
29:40 Bow Saw
LyM.leantorras
6:36 Loom
9:58 Feudal Age
11:04 Horse Collar
12:46 Double-Bit Axe
20:18 Forging
24:22 Gold Mining
25:17 Bloodlines
27:28 Castle Age
Connection lost

Rejoining the realm…

Still unreachable

The connection could not be restored.

Session expired

The server has moved on; the page needs a fresh start.